 Dungeon Crawl Stone Soup version 0.28.0-43-g3370ac3207 (webtiles) character file.

Game seed: 9672841987231541289

653 DoubleLucky the Conjurer (level 7, -18/59 HPs)
             Began as a Purple Draconian Conjurer on Mar 27, 2022.
             Was a Follower of Vehumet.
             Demolished by an ogre
             ... wielding a +0 giant spiked club
              (28 damage)
             ... on level 5 of the Dungeon.
             The game lasted 00:11:10 (5916 turns).

DoubleLucky the Conjurer (DrCj)                     Turns: 5916, Time: 00:11:10

Health: -18/59     AC:  6    Str: 10    XL:     7   Next: 28%
Magic:  11/14      EV: 12    Int: 20    God:    Vehumet [*.....]
Gold:   145        SH:  0    Dex:  9    Spells: 12/15 levels left

rFire   . . .      SeeInvis .   k - +3 rapier
rCold   . . .      Faith    .   (no shield)
rNeg    . . .      Spirit   .   (armour unavailable)
rPois   .          Reflect  .   (helmet restricted)
rElec   .          Harm     .   (no cloak)
rCorr   .          Rampage  .   (no gloves)
Will    +....                   (no boots)
Stlth   ++........              (no amulet)
HPRegen 0.19/turn               (no ring)
MPRegen 0.14/turn               (no ring)

@: no status effects
A: breathe power, AC +6, unfitting armour, cold-blooded
a: Breathe Dispelling Energy, Renounce Religion


You were on level 5 of the Dungeon.
You worshipped Vehumet.
Vehumet was aware of your devotion.
You visited 1 branch of the dungeon, and saw 5 of its levels.

You collected 145 gold pieces.

Inventory:

Hand Weapons
 b - a +0 dagger
 h - the +7 quarterstaff "Waexkad" {antimagic, SInv Stlth+}
   (You found it on level 2 of the Dungeon)

   It reduces the magical energy of the wielder, and disrupts the spells and
   magical abilities of those it strikes.
   Natural abilities and divine invocations are not affected.
   SInv:      It lets you see invisible.
   Stlth:     It makes you more stealthy.
 k - a +3 rapier (weapon)
Jewellery
 l - a ring of protection from fire
 o - an amulet of the acrobat
Wands
 j - a wand of flame (6)
Scrolls
 c - a scroll of silence {unknown}
 d - 2 scrolls of identify
 e - a scroll of blinking {unknown}
 f - a scroll of fog {unknown}
 g - a scroll of enchant weapon {unknown}
 m - a scroll of teleportation {unknown}
Potions
 a - a potion of lignification
 i - a potion of attraction {unknown}
 n - a potion of heal wounds {unknown}


   Skills:
 + Level 4.0 Fighting
 - Level 0.6 Staves
 + Level 3.9 Dodging
 - Level 1.7 Stealth
 + Level 4.9 Spellcasting
 + Level 5.6 Conjurations


You had 12 spell levels left.
You knew the following spells:

 Your Spells              Type           Power      Damage    Failure   Level
a - Magic Dart            Conj           100%       1d8       1%          1
b - Searing Ray           Conj           54%        2d6       1%          2

Your spell library contained the following spells:

 Spells                   Type           Power      Damage    Failure   Level
 Freeze                   Ice            16%        1d4       12%         1
 Dazzling Flash           Conj/Hex       32%        N/A       11%         3
 Inner Flame              Hex/Fire       4%         N/A       34%         3
 Fulminant Prism          Conj/Hex       8%         3d7       36%         4
 Iskenderun's Mystic Bla  Conj/Tloc      16%        2d5       36%         4
 Cause Fear               Hex            2%         N/A       75%         4
 Discord                  Hex            2%         N/A       100%        8


Dungeon Overview and Level Annotations

Branches:
Dungeon (5/15)
 Temple: D:4-7

Altars:
Dithmenos
Trog
Vehumet

Shops:
D:4 =


Innate Abilities, Weirdness & Mutations

You can breathe bolts of dispelling energy.
Your rich purple scales are hard. (AC +6)
You cannot fit into any form of body armour.
You are cold-blooded and may be slowed by cold attacks.


Message History

You now have 145 gold pieces (gained 11).
An ogre comes into view. It is wielding a +0 giant spiked club.
Found 11 gold pieces.
Casting: Searing Ray (safe; 1% risk of failure)
Confirm with . or Enter, or press ? or * to list all spells.
Aiming: Magic Dart (safe; 1% risk of failure)
Press: ? - help, Shift-Dir - straight line, f - ogre
Aim: an ogre, wielding a +0 giant spiked club (asleep, 100% to hit)
The magic dart hits the ogre!
The ogre is moderately wounded.
The ogre shouts!
Casting: Magic Dart (safe; 1% risk of failure)
Confirm with . or Enter, or press ? or * to list all spells.
Aiming: Searing Ray (safe; 1% risk of failure)
Press: ? - help, Shift-Dir - straight line (Press . to maintain the ray.)
The searing ray hits the ogre!
The ogre is heavily wounded.
The searing ray hits the ogre!
The ogre is severely wounded.
You finish channelling your searing ray.
The ogre hits you with a +0 giant spiked club!!
A sky beast comes into view.
The ogre hits you with a +0 giant spiked club!!
Ouch! That really hurt!
* * * LOW HITPOINT WARNING * * *
The sky beast flickers out of sight!
Deactivating autopickup; reactivate with Ctrl-A.
Casting: Searing Ray (safe; 1% risk of failure)
Confirm with . or Enter, or press ? or * to list all spells.
Aiming: Magic Dart (safe; 1% risk of failure)
Press: ? - help, Shift-Dir - straight line, f - ogre
Aim: an ogre, wielding a +0 giant spiked club (severely wounded, 100% to hit)
The magic dart hits the ogre.
The ogre is severely wounded.
A sky beast appears from thin air!
Reactivating autopickup.
You see here a +0 giant spiked club.
The ogre hits you with a +0 giant spiked club!!
You die...

{# ##...#.######.#
.#
#............####
.#
#.#...........<..
.#
#.###.##########.
.# #.# #.# #.
.########## #.# #.#
#######.
..........# #.# #.#
#..††...
###.......#######.#
#.# #.#####.
###..Y.>..#....O@.#
#.# #.# #.
..........#Y#######
#.# #.# #.
###.......#.#
#.####.# #.
#.......#)##
#......# #.
###..........#
######.#####.
.............#
#.......
###....#####.#
#.#####. #.#### #.#
#.# ## #.# #.#
#.######


You could see a sky beast and an ogre.

Vanquished Creatures
  Grinder (D:3)
  An ogre (D:5)
  2 necrophages
  Natasha (thrice) (D:3)
  A hound skeleton (D:4)
  4 adders
  A shadow imp (D:3)
  4 adder skeletons (D:4)
  4 dart slugs
  3 orcs
  3 ball pythons
  3 endoplasms
  A giant cockroach (D:1)
  4 goblins
  6 hobgoblins
  4 jackals (D:5)
  6 kobolds
  3 quokkas
  4 bats
  3 frilled lizards
  3 rats
64 creatures vanquished.

Notes
Turn   | Place    | Note
-------+----------+-------------------------------------------
     0 | D:1      | DoubleLucky the Draconian Conjurer began the quest for the
                  | Orb.
     0 | D:1      | Reached XP level 1. HP: 14/14 MP: 3/3
   325 | D:1      | Reached XP level 2. HP: 21/22 MP: 0/5
   620 | D:1      | Reached skill level 1 in Fighting
   734 | D:1      | Found a faded altar of an unknown god.
  1296 | D:2      | Reached XP level 3. HP: 28/28 MP: 2/6
  2165 | D:2      | Identified the +7 quarterstaff "Waexkad" {antimagic, SInv
                  | Stlth+}
  2457 | D:3      | Noticed Natasha
  2463 | D:3      | Killed Natasha
  2464 | D:3      | Reached XP level 4. HP: 30/36 MP: 0/8
  2955 | D:3      | Found a bloodstained altar of Trog.
  3000 | D:3      | Noticed Grinder
  3357 | D:3      | Noticed Natasha
  3363 | D:3      | Killed Natasha
  3589 | D:3      | Killed Grinder
  3590 | D:3      | Reached skill level 5 in Conjurations
  3590 | D:3      | Reached XP level 5. HP: 29/45 MP: 0/10
  3590 | D:3      | Reached XP level 6. HP: 33/51 MP: 0/11
  3761 | D:3      | Noticed Natasha
  3770 | D:3      | Killed Natasha
  4107 | D:3      | Found a bloodstained altar of Trog.
  4391 | D:4      | Found a radiant altar of Vehumet.
  4399 | D:4      | Became a worshipper of Vehumet
  4429 | D:4      | Learned a level 2 spell: Searing Ray
  4486 | D:4      | Found Pocuawiu's Jewellery Emporium.
  5278 | D:4      | Found a shadowy altar of Dithmenos.
  5631 | D:5      | Entered Level 5 of the Dungeon
  5649 | D:5      | Your scales start taking on a rich purple colour.
  5649 | D:5      | Reached XP level 7. HP: 55/58 MP: 14/14
  5680 | D:5      | Reached * piety under Vehumet
  5680 | D:5      | Offered knowledge of Freeze by Vehumet.
  5916 | D:5      | Demolished by an ogre

Illustrated notes

Levels and vault maps discovered:
D:1:      lemuel_arrival_room, layout_basic,
          dreamdust_ecumenical_altar_hidden_monk_grotto, roderic_lattice_a
D:2:      layout_basic
D:3:      layout_loops_ring, lightli_temple_of_fire, uniq_natasha, uniq_grinder
D:4:      layout_basic, mainiacjoe_overflow_surrounded_room,
          grunt_dithmenos_smoke_and_mirrors, serial_shops, nicolae_shop_stone,
          kennysheep_small_spiral
D:5:      layout_loops_ring, kennysheep_generic_room_9

Skill      XL: |  1  2  3  4  5  6  7 |
---------------+----------------------+-----
Dodging        | 2 3 |  3.9
Fighting       | 1 3 4 |  4.0
Spellcasting   | 3 4 |  4.9
Conjurations   | 5 |  5.6
Staves         | |  0.6
Stealth        | |  1.7

Action                   |  1- 3 |  4- 6 |  7- 9 || total
-------------------------+-------+-------+-------++-------
Melee: Unarmed           |     5 |       |       ||     5
       Tailslap          |     3 |     4 |       ||     7
       Dagger            |    13 |    19 |       ||    32
       Quarterstaff      |    17 |     3 |       ||    20
       Rapier            |       |    13 |       ||    13
 Cast: Magic Dart        |    62 |    84 |     6 ||   152
       Searing Ray       |       |     6 |     4 ||    10
  Use: Scroll            |       |     1 |       ||     1
 Stab: Sleeping          |     1 |     1 |       ||     2
Armor: Skin              |    14 |    14 |       ||    28
Dodge: Dodged            |    27 |    24 |     1 ||    52
